 Dungeon Crawl Stone Soup version 0.19-a0-1886-gd64a0f0 (webtiles) character file.

128 KarmaPolice the Vandal (level 5, -1/36 HPs)
             Began as a Halfling Hunter on Oct 15, 2016.
             Slain by an adder (3 damage)
             ... on level 2 of the Dungeon.
             The game lasted 00:10:12 (3218 turns).

KarmaPolice the Vandal (Halfling Hunter)            Turns: 3218, Time: 00:10:13

Health: -1/36      AC:  3    Str: 13    XL:     5   Next: 33%
Magic:  5/5        EV: 14    Int:  9    God:
Gold:   174        SH:  0    Dex: 16    Spells: 0 memorised, 4 levels left

rFire  . . .     SeeInvis .     b - +0 short sword
rCold  . . .     Gourm    .     c - +0 leather armour
rNeg   . . .     Faith    .     (shield restricted)
rPois  .         Spirit   .     (no helmet)
rElec  .         Dismiss  .     (no cloak)
rCorr  .         Reflect  .     (no gloves)
MR     .....     Harm     .     (no boots)
Stlth  ++........               (no amulet)
                                (no ring)
                                (no ring)

@: lethally poisoned (-1 -> -4)
A: mutation resistance 1
a: no special abilities


You were on level 2 of the Dungeon.
You were not hungry.

You visited 1 branch of the dungeon, and saw 3 of its levels.

You collected 174 gold pieces.

Inventory:

Hand Weapons
 a - a +1 hunting sling
 b - a +0 short sword (weapon)
 m - a +1 dagger of freezing
Missiles
 d - 37 sling bullets
 e - 91 stones (quivered)
Armour
 c - a +0 leather armour (worn)
Scrolls
 h - 2 scrolls of fog {unknown}
 k - a scroll of amnesia {unknown}
 o - a scroll of recharging {unknown}
 q - a scroll of identify {unknown}
Potions
 j - a potion of resistance
Comestibles
 f - 3 bread rations
 i - a meat ration
 p - a beef jerky


   Skills:
 + Level 2.8 Fighting
 + Level 1.4 Short Blades
 + Level 7.0 Slings
 - Level 2.1 Dodging
 + Level 3.1 Stealth


You had 4 spell levels left.
You didn't know any spells.

Dungeon Overview and Level Annotations

Branches:
Dungeon (3/15)

Altars:
Makhleb
Xom


Innate Abilities, Weirdness & Mutations

You are small and have problems with some larger weapons.
You are somewhat resistant to further mutation.


Message History

* * * LOW HITPOINT WARNING * * *
You feel sick. The adder barely misses you.
You feel sick. The adder barely misses you.
An adder comes into view.
You feel sick. The adder bites you.
* * * LOW HITPOINT WARNING * * *
You are lethally poisoned!
The adder poisons you! The bat hits you but does no damage.
Unknown command.
* * * LOW HITPOINT WARNING * * *
You feel sick. The bat hits you but does no damage.
Unknown command.
It was a potion of mutation.
You feel extremely strange. The bat closely misses you.
The bat hits you but does no damage. The adder barely misses you.
The adder bites you.
You die...

#...#####..#))?#...#..........
#..........#####....#.........
#...#...............##........
##...##..o............#........
#.._..#........................
###∩###....o.........##........
#####.............###........
########.......S......###........
.....#.........b@......##......#.
######..........>...........#..#.
######.####.#..........####......
.......................# ##.....
###..S.................# #..#.#
#...................######....#
#...........#.........##....#.#
#...........#####.....#..#.....
#.........)## #.....#.##.....


You could see an adder, 2 orcs and a bat.

Vanquished Creatures
  A hound (D:2)
  3 adders
  An ooze (D:1)
  A worm (D:2)
  A dart slug (D:1)
  2 leopard geckos (D:2)
  A ball python (D:1)
  5 bats
  3 giant cockroaches
  8 goblins
  8 hobgoblins
  5 jackals
  4 frilled lizards
  6 kobolds
  7 rats
56 creatures vanquished.

Notes
Turn   | Place    | Note
-------+----------+-------------------------------------------
     0 | D:1      | KarmaPolice the Halfling Hunter began the quest for the Orb.
     0 | D:1      | Reached XP level 1. HP: 14/14 MP: 1/1
   101 | D:1      | Reached skill level 6 in Slings
   498 | D:1      | Reached XP level 2. HP: 19/19 MP: 2/2
   949 | D:1      | Reached XP level 3. HP: 9/24 MP: 3/3
  1531 | D:2      | Found a burning altar of Makhleb.
  1544 | D:2      | Reached skill level 1 in Short Blades
  1544 | D:2      | Reached XP level 4. HP: 3/30 MP: 4/4
  2360 | D:2      | Found a shimmering altar of Xom.
  2664 | D:2      | Reached XP level 5. HP: 29/35 MP: 5/5
  2726 | D:3      | Reached skill level 7 in Slings
  3218 | D:2      | Slain by an adder

Vault maps used:
D:1:      dpeg_arrival_solitude
D:2:      makhleb_heckhound_becter, old_standard_altar, due_unseen_surprise
D:3:      nicolae_ashenzari_panopticon, first_bread

Skill      XL: |  1  2  3  4  5 |
---------------+----------------+-----
Slings         | 6 7 |  7.0
Fighting       | 2 |  2.8
Stealth        | 2 3 |  3.1
Short Blades   | 1 |  1.4
Dodging        | |  2.1

Action                   |  1- 3 |  4- 6 || total
-------------------------+-------+-------++-------
Melee: Short sword       |    99 |   130 ||   229
 Fire: Hunting sling     |       |    21 ||    21
  Use: Potion            |       |     4 ||     4
 Stab: Sleeping          |     4 |     1 ||     5
  Eat: Chunk             |     2 |     5 ||     7
Armor: Leather armour    |    14 |    47 ||    61
Dodge: Dodged            |    83 |   176 ||   259
